 Dungeon Crawl Stone Soup version 0.30-a0-567-gf7fd966b4a (webtiles) character file.

Game seed: 41201770820905978

53 Dirtsage the Changer (level 3, -1/23 HPs)
             Began as an Octopode Transmuter on Dec 28, 2022.
             Slain by Terence
             ... wielding a +2 falchion of protection
              (4 damage)
             ... on level 2 of the Dungeon.
             The game lasted 00:03:44 (1091 turns).

Dirtsage the Changer (Octopode Transmuter)          Turns: 1091, Time: 00:03:45

Health: -1/23      AC:  1    Str:  9    XL:     3   Next: 87%
Magic:  5/6        EV: 13    Int: 17    God:
Gold:   73         SH:  0    Dex: 12    Spells: 3/6 levels left

rFire   . . .      SeeInvis .      - Unarmed
rCold   . . .      Faith    .    (no shield)
rNeg    . . .      Spirit   .    (helmet currently unavailable)
rPois   .          Reflect  .    (no amulet)
rElec   .          Harm     .    (no ring)
rCorr   .          Rampage  .    (no ring)
Will    .....                    (no ring)
Stlth   ++                       (no ring)
HPRegen 0.23/turn                (no ring)
MPRegen 0.10/turn                (no ring)
                                 (no ring)
                                 (no ring)

@: appendages (expiring), attractive
A: tentacle spike 3, almost no armour, amphibious, 8 rings, camouflage 1,
gelatinous body 1, (nimble swimmer 1), tentacles
a: End Transformation


You were on level 2 of the Dungeon.
One of your tentacles had grown a beastly spike.
You visited 1 branch of the dungeon, and saw 2 of its levels.

You collected 73 gold pieces.

Inventory:

Scrolls
 c - 3 scrolls of acquirement {unknown}
 d - 4 scrolls of identify {unknown}


   Skills:
 - Level 1.0 Fighting
 - Level 2.0 Dodging
 - Level 3.0 Unarmed Combat
 - Level 2.0 Spellcasting
 * Level 3.1 Transmutations
 * Level 2.2 Ice Magic


You had 3 spell levels left.
You knew the following spells:

 Your Spells              Type           Power      Damage    Failure   Level
a - Beastly Appendage     Tmut           24%        N/A       5%          1
b - Wereblood             Tmut           12%        N/A       8%          2

Your spell library contained the following spells:

 Spells                   Type           Power      Damage    Failure   Level
 Spider Form              Tmut/Pois      7%         N/A       30%         3
 Ice Form                 Ice/Tmut       10%        N/A       54%         4


Dungeon Overview and Level Annotations

Branches:
Dungeon (2/15)

Altars:

Annotations:
D:2 exclusion: 2 gnolls, Terence


Innate Abilities, Weirdness & Mutations

One of your tentacles has grown a beastly spike.
You cannot wear most types of armour.
You are amphibious.
You can wear up to eight rings at the same time.
Your skin changes colour to match your surroundings (Stealth+).
Your rubbery body absorbs attacks. (AC +1, EV +1)
((You are camouflaged when in or above water. (Stealth+)))
You have tentacles for arms and can constrict up to eight enemies at once.


Message History

A gnoll comes into view. It is wielding a +0 spear.
Press: ? - help, v - describe, . - travel
Here: a gnoll, wielding a +0 spear and quivering a throwing net (asleep)
The floor.
Placed new exclusion.
Terence the Incautious comes into view.
He is wielding a +2 falchion of protection.
Terence shouts!
Okay, then.
You aren't carrying any items that you can evoke.
As you read the scroll labelled LEMOOPT XIZXASE, it crumbles to dust.
You hear a loud clanging noise!
It was a scroll of noise.
You hear an angry hiss. x2
Casting: Beastly Appendage (safe; 5% risk of failure)
Press: ? - help, Q - select action, (/) - cycle Dir - look around, f - activate One of your tentacles grows a vicious spike.
You now have 5/6 mp.
Okay, then.
Okay, then.
You barely miss Terence. Your grab misses Terence.
Your tentacle spike misses Terence.
Terence hits you with a +2 falchion of protection!
Ouch! That really hurt!
You take 12 damage, and have 11/23 hp.
MASSIVE DAMAGE!!
It was a potion of attraction.
You feel attractive to monsters.
Terence hits you with a +2 falchion of protection.
You take 4 damage, and have 7/23 hp.
You closely miss Terence. Your grab misses Terence.
Your tentacle spike misses Terence.
Your squeeze misses Terence.
Terence says, "Don't bother to defend, it's useless."
Terence hits you with a +2 falchion of protection.
* * * LOW HITPOINT WARNING * * *
You take 4 damage, and have 3/23 hp.
You tentacle-slap Terence but do no damage.
Your grab misses Terence.
Your tentacle spike misses Terence.
Your transformation is almost over.
Terence says, "Don't bother to defend, it's senseless."
Terence hits you with a +2 falchion of protection.
You die...

########.#.########
.........#....8....
########.#.#....8⌠.
#........######8.
#.####.######.# #.#
#........# #.#
########## #.# #@#
#@# #.# #.# #.# #.#
#.# #.#


You could see Terence.

Vanquished Creatures
  A worm (D:2)
  2 dart slugs (D:1)
  3 bats (D:1)
  7 endoplasms (D:1)
  2 giant cockroaches
  3 goblins
  6 hobgoblins
  3 quokkas (D:1)
  4 ball pythons (D:1)
  A frilled lizard (D:2)
  4 kobolds
  5 rats (D:1)
41 creatures vanquished.

Notes
Turn   | Place    | Note
-------+----------+-------------------------------------------
     0 | D:1      | Dirtsage the Octopode Transmuter began the quest for the
                  | Orb.
     0 | D:1      | Reached XP level 1. HP: 13/13 MP: 3/3
    76 | D:1      | Reached skill level 1 in Ice Magic
    76 | D:1      | Reached XP level 2. HP: 18/18 MP: 3/5
    99 | D:1      | Learned a level 2 spell: Wereblood
   431 | D:1      | Reached XP level 3. HP: 23/23 MP: 4/6
  1083 | D:2      | Noticed Terence
  1091 | D:2      | Slain by Terence

Illustrated notes

Levels and vault maps discovered:
D:1:      lightli_iron_boxes, layout_basic
D:2:      layout_loops_ring, amcnicky_mini_corridor_feature,
          chequers_decorated_corner, minmay_misc_feat_iff, minmay_tetromino_t4,
          uniq_natasha, uniq_terence

Skill      XL: |  1  2  3 |
---------------+----------+-----
Ice Magic      | 1 2 |  2.2
Transmutations | 3 |  3.1
Fighting       | |  1.0
Dodging        | |  2.0
Unarmed Combat | |  3.0
Spellcasting   | |  2.0

Action                   || total
-------------------------++-------
Melee: Unarmed           ||   108
       Constrict         ||    27
       Kick              ||    14
       Tentacles         ||    13
       Punch             ||     2
 Cast: Beastly Appendage ||    14
  Use: Potion            ||     2
       Scroll            ||     1
 Stab: Sleeping          ||     7
Armor: Skin              ||    30
Dodge: Dodged            ||    70

Table legend: (Time is in decaauts)
 A = Elapsed time spent in this place.
 B = Non-inter-level travel time spent in this place.
 C = Inter-level travel time spent in this place.
 D = Time resting spent in this place.
 E = Time spent auto-exploring this place.
 F = Levels seen in this place.
 G = Mean time per level.
                   A        B        C        D        E       F      G
               +--------+--------+--------+--------+--------+-----+--------+
         Total |   1085 |   1069 |     16 |      2 |    776 |   2 |  542.5 |
       Dungeon |   1085 |   1069 |     16 |      2 |    776 |   2 |  542.5 |
               +--------+--------+--------+--------+--------+-----+--------+

Top non-repeatable levels by time:
     D:1: 853 daAuts
     D:2: 232 daAuts
